 Dungeon Crawl Stone Soup version 0.29-a0-529-gfa20dd96a1 (webtiles) character file.

Game seed: 8203315342924356041

40 thriggle the Firebug (level 3, -1/33 HPs)
             Began as an Ogre Fire Elementalist on June 1, 2022.
             Was a Follower of Nemelex Xobeh.
             Slain by Sigmund
             ... wielding a +0 scythe
              (5 damage)
             ... on level 2 of the Dungeon.
             The game lasted 00:06:43 (1659 turns).

thriggle the Firebug (Ogre Fire Elementalist)       Turns: 1659, Time: 00:06:44

Health: -1/33      AC:  3    Str: 14    XL:     3   Next: 50%
Magic:  3/7        EV: 10    Int: 16    God:    Nemelex Xobeh [*.....]
Gold:   89         SH:  0    Dex:  9    Spells: 4/7 levels left

rFire   . . .      SeeInvis .   k - +0 mace
rCold   . . .      Faith    .   (no shield)
rNeg    . . .      Spirit   .   a - +0 robe
rPois   .          Reflect  .   (helmet restricted)
rElec   .          Harm     .   (no cloak)
rCorr   .          Rampage  .   (gloves unavailable)
Will    .....                   (boots unavailable)
Stlth   +.........              (no amulet)
HPRegen 0.11/turn               (no ring)
MPRegen 0.10/turn               (no ring)

@: no status effects
A: large, unfitting armour, tough skin 1
a: Renounce Religion, Draw Escape, Draw Destruction, Draw Summoning


You were on level 2 of the Dungeon.
You worshipped Nemelex Xobeh.
Nemelex Xobeh was aware of your devotion.
You visited 1 branch of the dungeon, and saw 2 of its levels.

You collected 89 gold pieces.

Inventory:

Hand Weapons
 c - a +0 spear
 f - a +0 dagger
 g - a +0 hunting sling
 k - a +0 mace (weapon)
Missiles
 h - 6 poisoned darts
 n - 4 javelins
 o - 22 stones
Armour
 a - a +0 robe (worn)
Magical Staves
 d - a staff of poison
Scrolls
 e - a scroll of fog {unknown}
 i - a scroll of amnesia {unknown}
 m - a scroll of identify {unknown}
 p - a scroll of blinking {unknown}
Potions
 b - a potion of magic


   Skills:
 + Level 1.4 Fighting
 * Level 0.7 Maces & Flails
 - Level 0.3 Polearms
 + Level 0.5 Throwing
 + Level 2.1 Dodging
 - Level 1.4 Stealth
 + Level 2.6 Spellcasting
 + Level 1.2 Conjurations
 + Level 2.8 Fire Magic
 + Level 0.2 Invocations


You had 4 spell levels left.
You knew the following spells:

 Your Spells              Type           Power      Damage    Failure   Level
a - Foxfire               Conj/Fire      32%        2x1d5     9%          1
b - Scorch                Fire           22%        2d6       9%          2

Your spell library contained the following spells:

 Spells                   Type           Power      Damage    Failure   Level
 Conjure Flame            Conj/Fire      8%         6-21      26%         3
 Inner Flame              Hex/Fire       6%         N/A       32%         3
 Flame Wave               Conj/Fire      8%         2d5       63%         4


Dungeon Overview and Level Annotations

Branches:
Dungeon (2/15)

Altars:
Nemelex Xobeh

Annotations:
D:2 Sigmund


Innate Abilities, Weirdness & Mutations

You are too large for most types of armour.
You have tough skin. (AC +1)


Message History

Your foxfire dissipates!
The foxfire hits something.
Sigmund appears from thin air!
Reactivating autopickup.
Sigmund points at you and mumbles some strange words.
You are confused.
You feel better. Sigmund casts a spell at you. The puff of flame hits you.
Casting: Foxfire (safe; 9% risk of failure)
Confirm with . or Enter, or press ? or * to list all spells.
You can't see any susceptible monsters within range! (Use Z to cast anyway.)
Casting: Foxfire (safe; 9% risk of failure)
Confirm with . or Enter, or press ? or * to list all spells.
You conjure some foxfire!
The foxfire hits Sigmund but does no damage.
Sigmund is moderately wounded.
The foxfire hits Sigmund.
Sigmund is moderately wounded.
Sigmund casts a spell.
Sigmund flickers and vanishes!
Deactivating autopickup; reactivate with Ctrl-A.
Something hits you.
You miss something. Something hits you.
You hit something. You miss something.
You hear some strange, mumbled words.
A puff of flame appears from out of thin air!
The puff of flame hits you! Something hits you.
* * * LOW HITPOINT WARNING * * *
You barely miss something.
You hear some strange, mumbled words.
Something tries to affect you, but you resist.
You hit something but do no damage. Something hits you.
* * * LOW HITPOINT WARNING * * *
You closely miss something. Something completely misses you.
You hit something. Something completely misses you.
You closely miss something. Something hits you.
You die...
Your body disappears without a glow.

#..........)......#
###.###############.#
+....@...>. ..# #.#
###.####### #.# #.#
####'##### #.# #.#
.........# #.# #.#
.........# #.# #.#
.........# #.#####.#
.........# #..@{...#
.........# #########
.........# .........#
.........# .........#
.........#
###....###################
#.....................<#


There were no monsters in sight!

Vanquished Creatures
  An adder (D:2)
  6 endoplasms
  2 giant cockroaches
  5 goblins
  4 hobgoblins (D:1)
  A kobold (D:2)
  2 ball pythons (D:1)
  2 bats (D:1)
  A frilled lizard (D:1)
  4 rats
28 creatures vanquished.

Vanquished Creatures (others)
  13 foxfires
13 creatures vanquished.

Grand Total: 41 creatures vanquished

Notes
Turn   | Place    | Note
-------+----------+-------------------------------------------
     0 | D:1      | thriggle the Ogre Fire Elementalist began the quest for the
                  | Orb.
     0 | D:1      | Reached XP level 1. HP: 16/16 MP: 3/3
   235 | D:1      | Reached skill level 1 in Conjurations
   478 | D:1      | Reached XP level 2. HP: 26/26 MP: 5/5
   481 | D:1      | Learned a level 2 spell: Scorch
   486 | D:1      | Reached skill level 1 in Fighting
  1045 | D:1      | Found a faded altar of an unknown god.
  1052 | D:1      | Prayed at the altar of an unknown god.
  1052 | D:1      | Became a worshipper of Nemelex Xobeh the Trickster
  1052 | D:1      | Reached * piety under Nemelex Xobeh
  1381 | D:2      | Reached XP level 3. HP: 33/33 MP: 4/6
  1606 | D:2      | Noticed Sigmund
  1659 | D:2      | Slain by Sigmund

Illustrated notes

Levels and vault maps discovered:
D:1:      sevenhm_arrival_forest_fort_large_4, layout_loops_corners,
          dreamdust_ecumenical_altar_hidden_monk_grotto, chequers_avenue
D:2:      layout_basic, uniq_sigmund

Skill      XL: |  1  2 |
---------------+-------+-----
Conjurations   | 1 |  1.2
Fighting       | 1 |  1.4
Dodging        | 2 |  2.1
Maces & Flails | |  0.7
Polearms       | |  0.3
Throwing       | |  0.5
Stealth        | |  1.4
Spellcasting   | |  2.6
Fire Magic     | |  2.8
Invocations    | |  0.2

Action                   || total
-------------------------++-------
Melee: Spear             ||    28
       Punch             ||     2
       Mace              ||    44
 Cast: Foxfire           ||     9
       Scorch            ||     4
  Use: Potion            ||     3
 Stab: Sleeping          ||     3
Armor: Robe              ||    25
Dodge: Dodged            ||    46

Table legend: (Time is in decaauts)
 A = Elapsed time spent in this place.
 B = Non-inter-level travel time spent in this place.
 C = Inter-level travel time spent in this place.
 D = Time resting spent in this place.
 E = Time spent auto-exploring this place.
 F = Levels seen in this place.
 G = Mean time per level.
                   A        B        C        D        E       F      G
               +--------+--------+--------+--------+--------+-----+--------+
         Total |   1677 |   1605 |     72 |    137 |   1029 |   2 |  838.5 |
       Dungeon |   1677 |   1605 |     72 |    137 |   1029 |   2 |  838.5 |
               +--------+--------+--------+--------+--------+-----+--------+

Top non-repeatable levels by time:
     D:1: 1288 daAuts
     D:2: 388 daAuts
